cohdb
Replays
Latest Replays
All Replays
Popular Replays
Top Player Replays
Match Explorer
How It Works
Community
CoH3 Stats
Reddit
Sign in to upload your games and track your stats! →
Sign in with Steam
Match 46334539
Unlisted
Match 46334539
Overview
Messages
Build Orders
End
Pioneer Squad
Construct Infanterie Kompanie
Selects Breakthrough Battlegroup
Selects Assault Grenadiers
Grenadier Squad
Grenadier Squad
Grenadier Squad
MG 42 Machine Gun Team
Construct Luftwaffe Kompanie
Infanterie Officer Quarters
Flak 30 Anti-aircraft Gun Team
Flak 30 Anti-aircraft Gun Team
Medical Bunker
Construct Panzer Kompanie
Selects Rapid Production
Selects Blitzkrieg
Stoßtruppen Squad
Panzer IV Medium Tank
Panzer IV Medium Tank
Stoßtruppen Squad
Selects Tiger Heavy Tank
UMirinBrah?
Tonimontana
0
0
Comments
sign in to comment!
No comments posted yet!